 Dungeon Crawl Stone Soup version 0.20.1-1-g8b1a95d (webtiles) character file.

311 MovingMist the Covered (level 6, -10/39 HPs)
             Began as a Gargoyle Fighter on Nov 18, 2017.
             Was a Follower of Okawaru.
             Mangled by an ogre
             ... wielding a +0 giant spiked club
              (14 damage)
             ... on level 4 of the Dungeon.
             The game lasted 00:08:16 (3042 turns).

MovingMist the Covered (Gargoyle Fighter)           Turns: 3042, Time: 00:08:17

Health: -10/39     AC: 15    Str: 19    XL:     6   Next: 42%
Magic:  4/6        EV: 12    Int: 14    God:    Okawaru [*.....]
Gold:   137        SH: 11    Dex: 11    Spells: 5/5 levels left

rFire    . . .     SeeInvis .   t - +1 hand axe (flame)
rCold    . . .     Gourm    .   c - +0 shield
rNeg     + . .     Faith    .   b - +0 scale mail
rPois    ∞         Spirit   .   (no helmet)
rElec    +         Reflect  .   (no cloak)
rCorr    .         Harm     .   h - +1 pair of gloves
MR       .....                  (no boots)
Stlth    +.........             (no amulet)
Regen    0.2/turn               (no ring)
MPRegen  0.1/turn               m - +5 ring of intelligence

@: heroism
A: negative energy resistance 1, electricity resistance, unbreathing,
petrification resistance, rot immunity, AC +4
a: Heroism, Renounce Religion


You were on level 4 of the Dungeon.
You worshipped Okawaru.
Okawaru was aware of your devotion.
You were hungry.

You visited 1 branch of the dungeon, and saw 4 of its levels.

You collected 137 gold pieces.

Inventory:

Hand Weapons
 a - a +0 flail
 t - a +1 hand axe of flaming (weapon)
Armour
 b - a +0 scale mail (worn)
 c - a +0 shield (worn)
 h - a +1 pair of gloves (worn)
Jewellery
 m - a +5 ring of intelligence (right hand)
Scrolls
 e - 3 scrolls of remove curse
 l - 2 scrolls of amnesia
 q - 2 scrolls of enchant armour
Potions
 d - a potion of might
 i - a potion of lignification
 k - 2 potions of curing {unknown}
 n - a potion of magic {unknown}
 p - 2 potions of mutation {unknown}
 s - a potion of haste {unknown}
Comestibles
 f - 2 bread rations
 g - 10 fruits
 r - a meat ration


   Skills:
 + Level 4.6(9.6) Fighting
 + Level 1.1(7.0) Axes
 - Level 2.8(8.0) Maces & Flails
 + Level 4.6(9.6) Armour
 * Level 2.9(7.9) Dodging
 - Level 3.2(8.2) Shields


You had 5 spell levels left.
You didn't know any spells.

Dungeon Overview and Level Annotations

Branches:
Dungeon (4/15)
 Temple: D:4-7

Altars:
Fedhas
Nemelex Xobeh
Okawaru
Qazlal
Uskayaw
Yredelemnul
Zin


Innate Abilities, Weirdness & Mutations

You are resistant to torment.
Your stone body is resilient. (AC +4)
You are immune to poison.
You resist negative energy. (rN+)
You are resistant to electric shocks. (rElec)
You can survive without breathing.
You are immune to petrification.
You are immune to rotting.


Message History

The ogre hits you with a giant spiked club!
* * * LOW HITPOINT WARNING * * *
You block the adder's attack.
You hit the ogre. You burn the ogre.
The ogre is heavily wounded.
You hit the adder. You burn the adder. You block the ogre's attack.
The adder bites you.
* * * LOW HITPOINT WARNING * * *
Unknown command.
You gain the combat prowess of a mighty hero.
The adder barely misses you. The ogre misses you. You block the adder's attack.
You are too injured to fight recklessly!
You are too injured to fight recklessly!
You are too injured to fight recklessly!
You are too injured to fight recklessly!
You hit the ogre. You burn the ogre.
The ogre is severely wounded.
You miss the adder. The adder barely misses you.
The ogre hits you with a giant spiked club!
You die...

#.........#.#.....
#######.#.........
#########.#.........
######.........#.........
#........................
...##..#########....>...
#.............# #........
#........#..#.# ##+#####.
##...#..@..#..# #.#####.
#..#.#.OS#...# #.#.....
#...#...#..#.# #.#.####
#.......#.....# #.......
##.#.#.#.../...# #.#.####
#........#....# #.#.#..#
##.#..#.#.#...###.#....#
# .#....#............##
.............####


You could see an ogre and an adder.

Vanquished Creatures
  A scorpion (D:4)
  An orc priest (D:4)
  2 worker ants (D:4)
  4 gnolls (D:3)
  7 adders
  An ooze (D:1)
  A worm (D:3)
  A dart slug (D:2)
  A leopard gecko (D:1)
  6 orcs
  2 ball pythons
  6 giant cockroaches
  4 goblins
  7 hobgoblins
  5 jackals
  A quokka (D:2)
  7 bats
  4 frilled lizards
  5 kobolds
  9 rats
75 creatures vanquished.

Notes
Turn   | Place    | Note
-------+----------+-------------------------------------------
     0 | D:1      | MovingMist the Gargoyle Fighter began the quest for the Orb.
     0 | D:1      | Reached XP level 1. HP: 14/14 MP: 1/1
    99 | D:1      | Reached XP level 2. HP: 19/19 MP: 2/2
   344 | D:1      | Reached skill level 1 in Dodging
   787 | D:1      | Reached XP level 3. HP: 23/23 MP: 3/3
  1080 | D:2      | Reached XP level 4. HP: 26/29 MP: 4/4
  1155 | D:2      | Found a sparkling altar of Nemelex Xobeh.
  1157 | D:2      | Found a stormy altar of Qazlal.
  1157 | D:2      | Found a basalt altar of Yredelemnul.
  1157 | D:2      | Found an iron altar of Okawaru.
  1158 | D:2      | Found a hide-covered altar of Uskayaw.
  1158 | D:2      | Found a glowing silver altar of Zin.
  1159 | D:2      | Found a blossoming altar of Fedhas.
  1165 | D:2      | Became a worshipper of Warmaster Okawaru
  1397 | D:3      | Reached XP level 5. HP: 16/33 MP: 3/5
  2337 | D:4      | Reached XP level 6. HP: 33/39 MP: 6/6
  2399 | D:4      | Reached * piety under Okawaru
  2399 | D:4      | Reached skill level 1 in Axes
  3042 | D:4      | Mangled by an ogre

Skill      XL: |  1  2  3  4  5  6 |
---------------+-------------------+-----
Dodging        | 1 2 |  2.9
Armour         | 4 |  4.6
Fighting       | 4 |  4.6
Axes           | 1 |  1.1
Maces & Flails | |  2.8
Shields        | |  3.2

Action                   |  1- 3 |  4- 6 || total
-------------------------+-------+-------++-------
Melee: Flail             |   113 |   118 ||   231
       Hand axe          |    18 |    76 ||    94
Invok: Heroism           |       |     1 ||     1
  Use: Scroll            |     4 |     5 ||     9
  Eat: Chunk             |     1 |     6 ||     7
Armor: Scale mail        |   107 |    89 ||   196
Dodge: Dodged            |    57 |    82 ||   139
Block: Shield            |    88 |    93 ||   181
